 Dungeon Crawl Stone Soup version 0.16-a0-465-g631e55c (console) character file.

579 Kellhus the Ruinous (level 7, 18/46 HPs)
             Began as a Demonspawn Wizard on Sept 16, 2014.
             Quit the game on Level 5 of the Dungeon.
             The game lasted 00:09:37 (5433 turns).

Kellhus the Ruinous (Demonspawn Wizard)             Turns: 5433, Time: 00:09:37

HP  18/46        AC  9     Str  7      XL: 7   Next: 13%
MP   6/17        EV 14     Int 22      God:
Gold 246         SH  0     Dex 11      Spells:  5 memorised,  3 levels left

rFire  . . .     SeeInvis .     C - +2 flail (protect)
rCold  + . .     Clarity  .     a - +0 robe
rNeg   . . .     rCorr    .     (no shield)
rPois  .         rRot     .     (helmet restricted)
rElec  .         Spirit   .     (no cloak)
SustAb .         Warding  .     (no gloves)
rMut   .         Stasis   .     (no boots)
Gourm  .                        (no amulet)
MR     .....                    y - +2 ring of evasion
                                n - ring of stealth

@: not resistant to hostile enchantments, fairly stealthy
A: horns 1, yellow scales 1, cold resistance 1, freezing cloud immunity
a: no special abilities


You were on level 5 of the Dungeon.
You were not hungry.

You visited 1 branch of the dungeon, and saw 5 of its levels.

You collected 246 gold pieces.

Inventory:

Hand weapons
 C - a +2 flail of protection (weapon)
Armour
 a - a +0 robe (worn)
 b - a +0 hat
 m - a +0 helmet
Magical devices
 A - a wand of digging (8)
Comestibles
 d - 5 bread rations
 q - 3 meat rations
 v - 2 beef jerkies
Scrolls
 e - a scroll of fear {unknown}
 g - 2 scrolls of remove curse {unknown}
 l - a scroll of teleportation {unknown}
 o - 3 scrolls of identify {unknown}
 p - 2 scrolls of enchant armour {unknown}
 r - 3 scrolls of magic mapping {unknown}
 s - 2 scrolls of recharging {unknown}
 t - a scroll of enchant weapon {unknown}
 w - 2 scrolls of fog {unknown}
 x - a scroll of blinking {unknown}
 z - a scroll of amnesia {unknown}
Jewellery
 n - a ring of stealth (left hand)
 y - a +2 ring of evasion (right hand)
Potions
 f - 2 potions of might {unknown}
 h - a potion of cancellation {unknown}
 i - a potion of beneficial mutation {unknown}
 j - a potion of magic {unknown}
 k - 2 potions of curing {unknown}
 u - a potion of brilliance {unknown}
Books
 c - a book of Minor Magic

   Spells                             Type                      Level
   *Magic Dart                        Conjuration                  1
   *Blink                             Translocation                2
   Call Imp                           Summoning                    2
   *Repel Missiles                    Charms/Air                   2
   Slow                               Hexes                        2
   *Conjure Flame                     Conjuration/Fire             3
   *Mephitic Cloud                    Conjuration/Poison/Air       3


   Skills:
 - Level 1.7 Dodging
 - Level 1.7 Stealth
 + Level 4.0 Spellcasting
 - Level 7.0 Conjurations
   Level 1.0 Summonings
 - Level 0.8 Translocations


You had 3 spell levels left.
You knew the following spells:

 Your Spells              Type           Power        Failure   Level  Hunger
a - Magic Dart            Conj           ####         1%          1    None
b - Conjure Flame         Conj/Fire      ###.....     10%         3    ###....
c - Mephitic Cloud        Conj/Pois/Air  ##......     14%         3    ###....
l - Blink                 Tloc           N/A          14%         2    #......
r - Repel Missiles        Chrm/Air       #.....       17%         2    #......


Dungeon Overview and Level Annotations

Branches:
Dungeon (5/15)
 Temple: D:4-7

Altars:
Nemelex Xobeh
Qazlal
Trog
Xom

Annotations:
D:3 PolkaDot's ghost, average HOGl


Innate Abilities, Weirdness & Mutations

You have a pair of small horns on your head.
You are partially covered in yellow scales (AC +2).
Your flesh is cold resistant.
You are immune to freezing clouds.


Message History

Things that are here:
a runed flail; a scale mail; the human corpse of Edmund You start butchering the human corpse of Edmund.
You continue butchering the corpse. x3
You finish butchering the human corpse of Edmund.
B - 2 chunks of human flesh
Things that are here:
a runed flail; a scale mail; the human skeleton of Edmund
C - a runed flail Wield which item (- for none, * to show all)? (? for menu, Esc to quit)
You feel protected!
C - a +2 flail of protection (weapon)
Eat one of 2 chunks of human flesh? (ye/n/q/i?) This raw flesh tastes terrible.
You are feeling hungry.
You continue eating. x2
Eat a chunk of human flesh? (ye/n/q/i?) This raw flesh tastes terrible.
You continue eating. x2
Are you sure you want to abandon this character and quit the game? (Confirm with "yes".)

...........#
............# .....
...........# #.....
...........#
##....# #.........#
#.....# #....<...#
.....## ###.....###
.....#
##......######....#
#####..@......#..#
#............#
#....#.###...##
#.............##
##..............# .
#.....#########.##
.... #......###
#..# .(.@.
#........# ##..#
...$ ##........#
##...


There were no monsters in sight!

Vanquished Creatures
  Edmund (D:5)
  A scorpion (D:4)
  2 hounds (D:4)
  A giant frog skeleton (D:4)
  An orc priest (D:4)
  An orc wizard (D:3)
  An iguana (D:4)
  A worker ant (D:4)
  Ijyb (D:2)
  A big kobold skeleton (D:3)
  4 adders
  3 worms
  An orc skeleton (D:4)
  5 giant geckos
  16 orcs
  5 giant cockroaches
  22 goblins
  8 hobgoblins
  A quokka (D:5)
  4 ball pythons
  9 bats (D:1)
  5 giant newts
  A goblin zombie (D:5)
  A hobgoblin skeleton (D:4)
  10 jackals
  A jackal zombie (D:3)
  11 kobolds
  5 rats
  A rat skeleton (D:4)
124 creatures vanquished.

Vanquished Creatures (others)
  2 orcs (D:4)
2 creatures vanquished.

Grand Total: 126 creatures vanquished

Notes
Turn   | Place    | Note
--------------------------------------------------------------
     0 | D:1      | Kellhus, the Demonspawn Wizard, began the quest for the Orb.
     0 | D:1      | Reached XP level 1. HP: 13/13 MP: 4/4
   142 | D:1      | Gained mutation: Your flesh is cold resistant. [demonic ancestry]
   142 | D:1      | Reached XP level 2. HP: 13/19 MP: 1/6
   994 | D:1      | Gained mutation: You are immune to freezing clouds. [demonic ancestry]
   994 | D:1      | Reached XP level 3. HP: 17/24 MP: 0/7
  1345 | D:2      | Found a sparkling altar of Nemelex Xobeh.
  1471 | D:2      | Noticed Ijyb
  1639 | D:2      | Killed Ijyb
  1661 | D:2      | Reached XP level 4. HP: 18/30 MP: 0/9
  1921 | D:2      | Reached skill level 4 in Conjurations
  1945 | D:2      | Found a shimmering altar of Xom.
  2480 | D:3      | Found a bloodstained altar of Trog.
  2543 | D:3      | Reached XP level 5. HP: 35/35 MP: 3/11
  2678 | D:3      | Reached skill level 5 in Conjurations
  3173 | D:3      | Noticed PolkaDot's ghost (average HOGl)
  3257 | D:2      | Learned a level 3 spell: Conjure Flame
  3261 | D:2      | Learned a level 3 spell: Mephitic Cloud
  3812 | D:4      | Found a stormy altar of Qazlal.
  4035 | D:4      | Reached skill level 6 in Conjurations
  4035 | D:4      | Gained mutation: You are partially covered in yellow scales (AC +2). [demonic ancestry]
  4035 | D:4      | Reached XP level 6. HP: 41/41 MP: 8/12
  4591 | D:4      | Reached skill level 7 in Conjurations
  5209 | D:4      | Learned a level 2 spell: Blink
  5212 | D:4      | Learned a level 2 spell: Repel Missiles
  5248 | D:5      | Entered Level 5 of the Dungeon
  5300 | D:5      | Noticed Edmund
  5394 | D:5      | Killed Edmund
  5394 | D:5      | Gained mutation: You have a pair of small horns on your head. [demonic ancestry]
  5394 | D:5      | Reached XP level 7. HP: 28/46 MP: 0/17
  5433 | D:5      | Quit the game

Action                   |  1- 3 |  4- 6 |  7- 9 || total
-------------------------+-------+-------+-------++-------
Melee: Unarmed           |    45 |    15 |    19 ||    79
 Cast: Magic Dart        |   105 |   210 |     1 ||   316
       Conjure Flame     |       |     3 |       ||     3
       Mephitic Cloud    |       |     1 |       ||     1
 Stab: Confused          |       |     1 |       ||     1
  Eat: Chunk             |     2 |    10 |     2 ||    14
